 Dungeon Crawl Stone Soup version 0.22-a0-608-g8a62e23f9f (webtiles) character file.

39 LordofOblivion the Gusty (level 3, 0/19 HPs)
             Began as a Deep Elf Air Elementalist on July 9, 2018.
             Slain by an adder (1 damage)
             ... on level 2 of the Dungeon.
             The game lasted 00:06:29 (1001 turns).

LordofOblivion the Gusty (DEAE)                     Turns: 1001, Time: 00:06:30

Health: 0/19       AC:  2    Str:  5    XL:     3   Next: 28%
Magic:  1/10       EV: 13    Int: 20    God:
Gold:   29         SH:  0    Dex: 15    Spells: 6/9 levels left

rFire    + . .     SeeInvis .   e - +0 hand axe
rCold    x . .     Gourm    .   (no shield)
rNeg     . . .     Faith    .   a - +0 robe
rPois    .         Spirit   .   (no helmet)
rElec    .         Reflect  .   (no cloak)
rCorr    .         Harm     .   (no gloves)
MR       .....                  (no boots)
Stlth    +.........             (no amulet)
HPRegen  0.06/turn              i - ring of loudness (curse)
MPRegen  0.12/turn              d - ring of fire

@: lethally poisoned (0 -> -3)
A: no striking features
a: no special abilities


You were on level 2 of the Dungeon.
You were not hungry.

You visited 1 branch of the dungeon, and saw 2 of its levels.

You collected 29 gold pieces.

Inventory:

Hand Weapons
 e - a +0 hand axe (weapon)
Armour
 a - a +0 robe (worn)
Jewellery
 d - a ring of fire (right hand)
 g - an uncursed ring of poison resistance
 i - a cursed ring of loudness (left hand)
Scrolls
 b - a scroll of identify
 k - a scroll of teleportation {unknown}
Potions
 h - a potion of might {unknown}
 j - a potion of agility
Comestibles
 c - 4 rations
 f - 6 chunks of flesh


   Skills:
 + Level 2.6 Dodging
 + Level 2.5 Stealth
 + Level 3.5 Spellcasting
 + Level 1.4 Conjurations
 + Level 3.9 Air Magic


You had 6 spell levels left.
You knew the following spells:

 Your Spells              Type           Power        Failure   Level  Hunger
a - Shock                 Conj/Air       ##..         4%          1    None
b - Swiftness             Chrm/Air       ##......     9%          2    ##.....

Your spell library contained the following spells:

 Spells                   Type           Power        Failure   Level  Hunger
 Lightning Bolt           Conj/Air       ##........   77%         5    ######.
 Airstrike                Air            ###.......   26%         4    ####...
 Static Discharge         Conj/Air       ##......     14%         3    ###....


Dungeon Overview and Level Annotations

Branches:
Dungeon (2/15)

Altars:


Message History

Aim: an adder (severely wounded)
The zap misses the adder.
The adder bites you but does no damage.
Casting: Shock (safe; 4% risk of failure)
Confirm with . or Enter, or press ? or * to list all spells.
Aiming: Shock (safe; 4% risk of failure)
Press: ? - help, Shift-Dir - straight line, f/p - adder
Aim: an adder (severely wounded)
The zap misses the adder.
The adder bites you.
* * * LOW HITPOINT WARNING * * *
You are lethally poisoned!
The adder poisons you! The adder closely misses you.
Casting: Shock (safe; 4% risk of failure)
Confirm with . or Enter, or press ? or * to list all spells.
Aiming: Shock (safe; 4% risk of failure)
Press: ? - help, Shift-Dir - straight line, f/p - adder
Aim: an adder (severely wounded)
The zap misses the adder.
* * * LOW HITPOINT WARNING * * *
You feel sick. The adder bites you.
You die...

#.# .####
###.#
.....##.#.#
.......#.#
#.....<# #.
##......#
#..#.....#.#
#....)...#.#
..#....S@#.#
#.⌠#...###.#
.. #.†). #..
####.#### )#
g# .# g.


You could see an adder.

Vanquished Creatures
  Robin (D:2)
  A leopard gecko (D:1)
  2 giant cockroaches
  4 goblins
  3 hobgoblins
  6 jackals (D:1)
  2 kobolds (D:1)
  A ball python (D:1)
  A bat (D:1)
  A frilled lizard (D:1)
  3 rats (D:1)
25 creatures vanquished.

Notes
Turn   | Place    | Note
-------+----------+-------------------------------------------
     0 | D:1      | LordofOblivion the Deep Elf Air Elementalist began the quest for the Orb.
     0 | D:1      | Reached XP level 1. HP: 10/10 MP: 6/6
   371 | D:1      | Reached XP level 2. HP: 15/15 MP: 4/8
   911 | D:2      | Noticed Robin
   912 | D:2      | Learned a level 2 spell: Swiftness
   919 | D:2      | Killed Robin
   919 | D:2      | Reached XP level 3. HP: 15/19 MP: 1/10
  1001 | D:2      | Slain by an adder

Vault maps used:
D:1:      tarquinn_simple_flora_water_e
D:2:      minmay_diamond_boxcup, lemuel_round_altar, evilmike_ruin_ashenzari,
          uniq_terence, uniq_robin

Action                   || total
-------------------------++-------
Melee: Unarmed           ||    11
       Hand axe          ||     4
 Cast: Shock             ||    53
  Use: Scroll            ||     1
Armor: Robe              ||     3
Dodge: Dodged            ||    20

Table legend:
 A = Spawn XP
 B = Non-spawn XP
 C = Spawn XP percentage of total XP
 D = Spawn monster count
 E = Non-spawn monster count
 F = Spawn count percentage of total count
 G = Total turns spent on level
                    A         B        C        D         E        F      G
               +---------+---------+-------+---------+---------+-------+---------
         Total |       0 |      57 |   0.0 |       0 |      25 |   0.0 |  1001
               +---------+---------+-------+---------+---------+-------+---------
           D:1 |       0 |      32 |   0.0 |       0 |      19 |   0.0 |   900
           D:2 |       0 |      25 |   0.0 |       0 |       6 |   0.0 |   101
               +---------+---------+-------+---------+---------+-------+---------
